Unix NetHack Version 3.7.0-88 Work-in-progress - last build Jul 17 2023 22:36:19 (ff3987481174382ea04ebda72e34ac83a40b9a22,branch:master). Game began 2023-07-23 17:38:01, ended 2023-07-29 08:45:46. Grasshopper, neutral female human Wizard ------------------------ .........................| ........).....----+----)..--- .............--.......--....| ............--[........--...------- ----- ...)........|[)$[$).....|.........| --------------- [).| ---...--------[))......--------...| |.).%.........| ---------).-- ----+--- --)......-- ----.---- --$.--------- | |.......|...-- --....[.. -----|----- --/).....-- --)).|)[$!...| |.......|....---......[.. ---......)..-----...).....---....|...@...| |..._...-.....-......... |......%)[....||...)$......+.....+."D@A$.| |.......|....---.$..... |. ----|----..|--..[.!...[---....|[[@..+.| |.......|...-- --.$.... | |.......| | --.......-- --...|.....$.| ---------).-- ------ |..[....| --------- --..--------- ...| |..._...| |...L& ----- |.......| ----- |.......| --------- Grasshopper the Mage St:18/94 Dx:21 Co:18 In:22 Wi:22 Ch:14 Neutral S:1254470 Astral Plane $:0 HP:411(411) Pw:519(797) AC:-47 Xp:30/100040695 T:48772 Latest messages: The purple worm drops a large shield. The purple worm drops 46 gold pieces. What do you want to use or apply? [cfhikqs-vxCJPU or ?*] i L - an uncursed magic marker (0:42). What do you want to use or apply? [cfhikqs-vxCJLPU or ?*] L What do you want to write on? [A or ?*] A What type of scroll do you want to write? genocide M - a blessed scroll of genocide. The purple worm picks up a large shield. The purple worm drops a long sword. The guardian Angel of Thoth picks up a greased long sword. What do you want to use or apply? [cfhikqs-vxCJLPU or ?*] i O - a potion of unholy water. What do you want to dip? [a-df-ikq-vxzB-DF-JL-QUW or ?*] M What do you want to dip a blessed scroll of genocide into? [O or ?*] O Your scroll of genocide glows brown. The purple worm picks up 46 gold pieces. The purple worm drops a small shield. The purple worm picks up a long sword. What do you want to read? [M or ?*] ? As you read the scroll, it disappears. What type of monster do you want to genocide? purple worm Wiped out all purple worms. What do you want to use or apply? [cfhikqs-vxCJLPU or ?*] q You produce a strange whistling sound. Three creatures shift locations. What do you want to use or apply? [cfhikqs-vxCJLPU or ?*] s In what direction? 2 Status of K2 (chaotic, medium): Level 20 HP 160(160) AC -27, tame, fast, invisible. What do you want to use or apply? [cfhikqs-vxCJLPU or ?*] s In what direction? 1 Status of George (lawful, gigantic): Level 22 HP 176(176) AC -1, tame, fast, invisible. What do you want to use or apply? [cfhikqs-vxCJLPU or ?*] q You produce a strange whistling sound. Three creatures shift locations. What do you want to use or apply? [cfhikqs-vxCJLPU or ?*] s In what direction? 6 Status of the guardian Angel of Thoth (neutral, medium): Level 19 HP 123(149) AC -6, tame. What do you want to sacrifice? [g or ?*] ? You offer the Amulet of Yendor to Thoth... An invisible choir sings, and you are bathed in radiance... The voice of Thoth booms out: "Mortal, thou hast done well!" "In return for thy service, I grant thee the gift of Immortality!" You ascend to the status of Demigoddess... Do you want your possessions identified? [ynq] (y) y Do you want to see your attributes? [ynq] (y) y Do you want an account of creatures vanquished? [ynaq] (y) y Do you want a list of species genocided? [ynaq] (y) y Do you want to see your conduct and achievements? [ynq] (y) y Do you want to see the dungeon overview? [ynq] (y) y Inventory: Amulets ('"') I - the blessed Eye of the Aethiopica Q - a blessed amulet of life saving (being worn) Weapons (')') a - the blessed rustproof +2 Magicbane d - the blessed rustproof +7 Frost Brand (alternate weapon; not wielded) r - the blessed rustproof +7 Vorpal Blade (weapon in hand) z - 6 blessed +7 silver daggers W - 9 blessed poisoned rustproof +7 darts named +7 (at the ready) Armor ('[') b - a blessed greased fireproof +4 cloak of protection (being worn) B - a blessed fireproof +5 pair of water walking boots (being worn) D - a blessed fireproof +5 small shield (being worn) G - a blessed fireproof +4 pair of gauntlets of dexterity named fp (being worn) H - a blessed greased tempered +4 helm of brilliance (being worn) S - a blessed +4 silver dragon scale mail (being worn) T - a blessed +5 T-shirt with text "Plunder Island Brimstone Beach Club" (being worn) Comestibles ('%') F - an uncursed lizard corpse named Lizard of Oz Wands ('/') f - an uncursed wand of death named 1 (0:3) h - an uncursed wand of light (0:9) v - an uncursed wand of teleportation (0:4) x - an uncursed wand of digging (0:4) Rings ('=') e - a blessed +4 ring of increase damage (on right hand) y - a blessed +4 ring of increase damage (on left hand) Tools ('(') c - an uncursed skeleton key i - a blessed greased bag of holding containing 139 items k - the uncursed Candelabrum of Invocation (7 of 7 candles, lit) q - a blessed magic whistle s - a blessed stethoscope t - a blessed towel u - a blessed +0 unicorn horn C - a blessed magic harp named Stratocaster (1:3) J - a blessed magic flute (2:10) L - an uncursed magic marker (0:20) P - the blessed Platinum Yendorian Express Card U - a blessed oilskin sack named <<< CANCELLATION >>> containing 2 items Gems/Stones ('*') N - a blessed luckstone Contents of the bag of holding: an uncursed amulet of flying an uncursed amulet of guarding a blessed amulet of magical breathing an uncursed amulet of reflection an uncursed amulet of unchanging an uncursed amulet versus poison an uncursed cheap plastic imitation of the Amulet of Yendor 8 blessed rustproof +7 darts named +7 a blessed poisoned rustproof +7 dart named +7 25 blessed poisoned rustproof +7 darts named +7 3 blessed +7 silver daggers the blessed +7 Sting a blessed +0 cloak of magic resistance an uncursed +0 cloak of magic resistance a blessed +2 mummy wrapping a cursed -4 mummy wrapping named C an uncursed +0 robe 2 uncursed apples an uncursed carrot an uncursed eucalyptus leaf 3 uncursed fortune cookies 2 uncursed K-rations a blessed lembas wafer an uncursed lembas wafer an uncursed pancake 4 uncursed tripe rations 2 blessed eggs named chook 2 uncursed eggs named chook an uncursed cockatrice egg 2 uncursed lichen corpses a blessed scroll of blank paper a cursed scroll of blank paper 2 blessed scrolls of charging a blessed scroll of create monster 4 uncursed scrolls of create monster a blessed scroll of earth a cursed scroll of enchant armor an uncursed scroll of food detection a blessed scroll of gold detection a blessed scroll of light a blessed scroll of remove curse a blessed scroll of scare monster 2 uncursed scrolls of teleportation 4 cursed scrolls of teleportation an uncursed wand of cold (1:3) an uncursed wand of cold (1:0) an uncursed wand of create monster (0:14) an uncursed wand of create monster (0:13) an uncursed wand of death (0:5) an uncursed wand of death (1:1) an uncursed wand of digging (0:7) an uncursed wand of digging (0:8) an uncursed wand of digging (0:7) an uncursed wand of digging (0:7) an uncursed wand of digging (0:4) an uncursed wand of enlightenment (3:6) an uncursed wand of fire (1:11) an uncursed wand of light (0:13) an uncursed wand of lightning (0:8) an uncursed wand of lightning (0:4) an uncursed wand of lightning (0:2) an uncursed wand of locking (0:4) an uncursed wand of magic missile (0:5) an uncursed wand of opening (1:7) an uncursed wand of polymorph (0:8) an uncursed wand of sleep (1:8) an uncursed wand of sleep (0:6) an uncursed wand of sleep (0:6) an uncursed wand of sleep (0:5) an uncursed wand of sleep (0:5) an uncursed wand of sleep (0:4) an uncursed wand of slow monster (0:4) an uncursed wand of slow monster named 1 (0:1) an uncursed wand of speed monster (0:7) an uncursed wand of speed monster (0:6) an uncursed wand of striking (0:7) an uncursed wand of striking (1:12) an uncursed wand of striking (0:7) a blessed wand of teleportation (0:1) an uncursed wand of teleportation (0:7) an uncursed wand of teleportation (0:7) an uncursed wand of undead turning named 1 (0:5) an uncursed wand of wishing (0:2) an uncursed wand of wishing (1:0) an uncursed ring of conflict a cursed ring of invisibility an uncursed ring of levitation an uncursed ring of polymorph an uncursed ring of polymorph control an uncursed +1 ring of protection a blessed ring of protection from shape changers a blessed ring of regeneration an uncursed ring of searching an uncursed ring of slow digestion 2 uncursed potions of acid a blessed potion of booze an uncursed potion of booze an uncursed potion of confusion an uncursed potion of full healing 2 uncursed potions of healing a blessed potion of restore ability an uncursed potion of sleeping an uncursed potion of speed an uncursed potion of speed 5 potions of holy water an empty uncursed sack an uncursed magic lamp an uncursed magic marker (0:96) an uncursed magic marker (1:18) an uncursed magic marker (1:10) an uncursed magic marker (1:5) an uncursed oil lamp an uncursed pair of lenses 7 uncursed tallow candles a blessed tinning kit (0:11) a cursed towel 5 uncursed agate stones 7 uncursed amber stones 24 uncursed amethyst stones 26 uncursed aquamarine stones 9 uncursed chrysoberyl stones 10 uncursed citrine stones 8 uncursed diamonds 5 uncursed dilithium crystals 3 uncursed emeralds 5 uncursed emeralds 7 uncursed fluorite stones 11 uncursed garnet stones 4 uncursed jacinth stones 4 uncursed jade stones 25 uncursed jasper stones 10 uncursed jet stones 13 uncursed obsidian stones 7 uncursed opals 8 uncursed rubies 7 uncursed sapphires 16 uncursed topaz stones an uncursed turquoise stone an uncursed luckstone Contents of the oilskin sack named <<< CANCELLATION >>>: a blessed scroll of scare monster an uncursed wand of cancellation (0:7) Grasshopper the Wizard's attributes: Background: You were a Mage, a level 30 female human Wizard. You were neutral, on a mission for Thoth who was opposed by Ptah (lawful) and Anhur (chaotic). You were in the endgame, on the Astral Plane. You entered the dungeon 48772 turns ago. You had 100040695 experience points. Your score was 1254470 before end-of-game adjustments. Basics: You had all 411 hit points. You had 519 out of 797 energy points (spell power). Your armor class was -47. Your wallet was empty. Autopickup was on for '"?+/=!*' plus thrown, with exceptions. Final Characteristics: Your strength was 18/94 (limit:18/100). Your dexterity was 21 (base:17, peak:18, innate limit:18). Your constitution was 18 (limit:18). Your intelligence was 22 (base:18, innate limit:18). Your wisdom was 22 (base:18, innate limit:18). Your charisma was 14 (limit:18). Final Status: You were not hungry. You were unencumbered. You were wielding a long sword. You had basic skill with long sword. Final Attributes: You were the Envoy of Balance. You were piously aligned. You were magic-protected. You were fire resistant. You were cold resistant. You were sleep resistant. You were shock resistant. You were poison resistant. You saw invisible. You were telepathic. You were warned. You were invisible to others. You were stealthy. You could teleport. You had teleport control. You could walk on water. You had a large damage bonus (+8). You had a moderate defense bonus (+10). You were protected. You took half spell damage. You were very fast. You had reflection. Your life would have been saved. You were extremely lucky. You had extra luck. Good luck did not time out for you. You survived. Miscellaneous: You encountered 2 bones levels. Total elapsed playing time was 2 days, 3 hours, 47 minutes and 33 seconds. Major events: Turn 1: Grasshopper the neutral female human Wizard entered the dungeon 731: attained the rank of Conjurer (level 3) 1069: entered the Gnomish Mines 1671: destroyed killer's ghost, the former Sightseer 2065: attained the rank of Thaumaturge (level 6) 3470: reached Mine Town 7533: destroyed puncake's ghost, the former Thaumaturge 7535: found Sting on the floor 7985: was bestowed with Magicbane by Thoth 10497: was bestowed with Frost Brand by Thoth 15224: attained the rank of Magician (level 10) 15992: acquired the Mines' End luckstone 16357: Patjitan, the delicatessen proprietor, has been killed 16455: Niskal, the hardware store proprietor, has been killed 17571: entered Sokoban 17853: completed 1st Sokoban level 18255: completed 2nd Sokoban level 18712: completed 3rd Sokoban level 19682: completed 4th Sokoban level 19819: acquired the Sokoban bag of holding 20562: made her first wish - "blessed greased tempered +5 helm of brilliance", got "a greased crystal helmet" 20587: made her first artifact wish - "blessed fixed platinum yendorian express card", got "a credit card named the Platinum Yendorian Express Card" 26087: attained the rank of Enchantress (level 14) 28298: attained the rank of Sorceress (level 18) 29974: killed the invisible Dark One 29974: found the Eye of the Aethiopica carried by a monster 29980: acquired the Bell of Opening 30618: became Thoth's Envoy of Balance 30618: was bestowed with Vorpal Blade 32458: entered Gehennom 32868: killed Medusa 39406: wished for "3 blessed +0 silver daggers", got "3 silver daggers" 39407: wished for "3 blessed +0 silver daggers", got "3 silver daggers" 39408: wished for "3 blessed +0 silver daggers", got "3 silver daggers" 39508: attained the rank of Necromancer (level 22) 39985: performed her first genocide (class m) 40104: killed Asmodeus 40118: killed Juiblex 41077: killed Baalzebub 41603: killed Orcus 41880: attained the rank of Wizard (level 26) 44584: destroyed Vlad the Impaler 44588: acquired the Candelabrum of Invocation 44737: genocided mind flayers 45636: killed the Wizard of Yendor 45641: acquired the Book of the Dead 45667: performed the invocation 45898: killed the high priestess of Moloch 45899: acquired The Amulet of Yendor 46211: killed the Wizard of Yendor (2nd time) 46265: attained the rank of Mage (level 30) 46608: killed the Wizard of Yendor (3rd time) 47896: chose an elven broadsword to be named "Orcrist" 47931: killed the Wizard of Yendor (5th time) 48228: entered the Elemental Planes 48228: entered Plane of Earth 48376: entered Plane of Air 48421: entered Plane of Fire 48487: entered Plane of Water 48593: entered the Astral Plane 48611: wished for "blessed fireproof magic harp named Stratocaster", got "a harp named Stratocaster" 48670: killed Famine 48696: killed Famine (2nd time) 48770: genocided purple worms 48772: ascended Vanquished creatures: Asmodeus Baalzebub Orcus Juiblex the Wizard of Yendor (6 times) Famine (twice) Vlad the Impaler an arch-lich a high cleric a mastodon Medusa 8 krakens 2 iron golems a master lich 8 storm giants a glass golem 4 balrogs 28 purple worms 2 gray dragons 2 gold dragons 8 silver dragons 6 red dragons 3 white dragons an orange dragon a black dragon a blue dragon 3 green dragons 3 yellow dragons 22 minotaurs 2 jabberwocks the Dark One a baluchitherium 28 Angels 7 demiliches 8 stone golems 3 master mind flayers 5 Olog-hai 3 Nazgul 4 pit fiends 3 sandestins 2 hell hounds 5 displacer beasts 7 titanotheres 6 trappers 3 guardian nagas 3 genetic engineers 7 disenchanters 24 vampire leaders 4 skeletons 2 shopkeepers 2 prisoners 40 aligned clerics 3 captains 6 shades 7 liches a clay golem 4 nurses 4 ice devils 5 nalfeshnees 5 lurkers above 5 Aleaxes a frost giant 5 ettins 5 black puddings 30 vampires 5 lieutenants 2 watch captains 41 ghosts an archeologist a barbarian a rogue a wizard a queen bee 3 winged gargoyles 11 giant mimics 2 long worms 5 zruties 9 fire giants 6 ogre tyrants 7 ice trolls 19 rock trolls 5 umber hulks 2 flesh golems 6 elven monarchs a doppelganger 9 hezrous 4 bone devils 4 large mimics 3 wumpuses 4 fire vortices a couatl 14 stalkers an air elemental 9 fire elementals 12 earth elementals 9 water elementals 6 hill giants 2 giant mummies 5 black nagas 12 xorns 13 giant zombies 20 elf-nobles 8 sergeants 10 barbed devils 6 vrocks 6 salamanders 24 wargs 2 winter wolves 6 hell hound pups 10 small mimics 2 glass piercers 3 warhorses 3 steam vortices 7 xans an ettin mummy 9 ogre leaders 10 quantum mechanics 5 trolls 3 sasquatches 2 wood golems an erinys 7 mariliths 6 sharks 10 electric eels 7 gelatinous cubes 2 pyrolisks a large dog 7 freezing spheres 5 flaming spheres 3 shocking spheres 3 large cats 6 tigers 6 gargoyles a dwarf ruler 14 tengu 10 ochre jellies 5 leocrottas 11 energy vortices 5 mountain centaurs 11 stone giants an elf mummy 3 human mummies 4 red nagas 3 green slimes 7 pythons 6 pit vipers 6 cobras 53 wraiths a carnivorous ape 23 ettin zombies 3 leather golems 6 Grey-elves 63 soldiers 3 watchmen 9 amorous demons 5 horned devils 6 chameleons 4 crocodiles 9 giant beetles 7 quivering blobs 10 cockatrices 8 wolves 9 winter wolf cubs 3 lynxes a panther 6 gremlins 5 spotted jellies 11 leprechauns 5 orc-captains 6 iron piercers 8 mumakil 11 giant spiders 6 scorpions 6 horses 8 black lights 52 vampire bats 9 forest centaurs 3 gnome rulers 4 orc mummies 4 dwarf mummies 7 ogres 2 brown puddings 12 rust monsters 17 owlbears 17 yetis 2 gold golems 2 werewolves 19 Green-elves 4 piranha 16 giant eels 17 lizards 6 chickatrices 2 dingoes 4 dogs 4 housecats 2 jaguars 6 dwarf leaders 6 blue jellies 4 white unicorns a gray unicorn 7 black unicorns 4 dust vortices 21 ravens 6 plains centaurs 4 gnome mummies 6 snakes 11 apes 14 human zombies 3 rope golems 9 Woodland-elves 5 soldier ants 9 fire ants 14 bugbears 5 imps 5 lemures 15 quasits 6 wood nymphs 6 water nymphs 3 mountain nymphs 11 Mordor orcs 18 Uruk-hai 6 orc shamans 10 rock piercers 9 rock moles 5 ponies 7 fog clouds 8 yellow lights 8 shriekers 5 violet fungi 28 gnome leaders 8 gnomish wizards 6 kobold mummies 7 gray oozes 3 barrow wights 21 elf zombies 13 ghouls 5 straw golems 5 paper golems 7 jellyfish 11 giant ants 3 little dogs 12 floating eyes 6 kittens 28 dwarves 12 homunculi 5 kobold leaders 2 kobold shamans 34 hill orcs 16 rothes 2 rabid rats 11 giant bats 2 monkeys 19 orc zombies 20 dwarf zombies a wererat 3 werejackals 19 iguanas 27 killer bees an acid blob 12 coyotes 3 gas spores 8 hobbits 39 manes 4 large kobolds 20 hobgoblins 17 giant rats 4 cave spiders 2 brown molds 2 yellow molds 4 green molds 4 red molds 76 gnomes 10 garter snakes 13 gnome zombies 7 geckos 18 jackals 3 foxes 4 kobolds 12 goblins a sewer rat 10 grid bugs 7 bats 8 lichens 13 kobold zombies 11 newts 2303 creatures vanquished. Genocided species: purple worms mind flayers giant mimics large mimics small mimics 5 species genocided. Voluntary challenges: You read items or engraved 272 times. You never engraved Elbereth. You genocided 5 types of monsters. You never changed form. You used 6 wishes (1 for an artifact). You did not violate any of the special Sokoban rules. Achievements: You attained the rank of Conjurer. You entered the Gnomish Mines. You attained the rank of Thaumaturge. You entered Minetown. You entered a shop. You entered a temple. You attained the rank of Magician. You completed the Gnomish Mines. You entered Sokoban. You completed Sokoban. You attained the rank of Enchantress. You attained the rank of Sorceress. You handled the Bell of Opening. You entered Gehennom. You defeated Medusa. You attained the rank of Necromancer. You attained the rank of Wizard. You had the Candelabrum of Invocation. You handled the Book of the Dead. You gained access to Moloch's Sanctum. You attained the rank of Mage. You reached the Elemental Planes. You reached the Astral Plane. You delivered the Amulet of Yendor. You ascended! The Elemental Planes: Astral Plane: <- You are here. Many temples. Plane of Water: Plane of Fire: Plane of Air: Plane of Earth: The Dungeons of Doom: levels 1 to 25 Level 1: A fountain. One way stairs up to The Elemental Planes. Level 2: A fountain. Level 3: Some fountains. Stairs down to The Gnomish Mines. Level 4: "LAIR" An altar to Thoth, a fountain. Final resting place for killer-Tou-Hum-Fem-Neu, killed by a paper golem. Level 5: A fountain. Level 6: An altar to Thoth. Level 7: Many fountains, a grave. Oracle of Delphi. Final resting place for puncake-Wiz-Elf-Mal-Cha, killed by an owlbear. Level 8: A fountain. Stairs up to Sokoban, level 7. Level 9: Level 10: Level 11: Level 12: Level 13: A fountain. Level 14: Portal to The Quest. Level 15: "poly" Some fountains. Level 16: "poly" Level 17: A primitive area. Level 18: "lp" A fountain. Level 19: "+1/+2 junkstash near down" A general store. Level 20: Level 21: "lp" A fountain. Level 22: Level 23: "Medusa" Level 24: "lp poly" Level 25: "crapstash" The castle. Connection to Gehennom. Gehennom: levels 26 to 45 Level 26: A temple, many graves. Valley of the Dead. Level 27: "lp polylp" Level 28: "Asmo" Level 29: "Jubes" A fountain. Level 30: Level 31: Level 32: "Baalz" Level 33: Level 34: Level 35: Level 36: Level 37: Stairs up to Vlad's Tower, level 36. Level 38: "Orcus c" Some shops, an altar, many graves. Level 39: "Rodney" Level 40: Level 41: "wiz bottom" Level 42: "wiz portal" Level 43: Level 44: "VS" Level 45: A temple, many graves. Moloch's Sanctum. The Gnomish Mines: levels 4 to 12 Level 4: Level 5: Level 6: Level 7: "c" Many shops, a temple to Thoth, some fountains, some trees. Level 8: Level 9: "c poly" Level 10: Level 11: Level 12: "ME" A fountain. The Quest: levels 1 to 5 Level 1: "poly" Completed quest for Neferet the Green. Level 2: "poly" Level 3: "poly" Level 4: Level 5: A temple to Thoth. Sokoban: levels 7 up to 4 Level 4: Solved. Level 5: Solved. Level 6: Solved. Level 7: Solved. Vlad's Tower: levels 36 up to 34 Level 34: Level 35: Level 36: Goodbye Grasshopper the Demigoddess... You and the invisible K2 and the invisible George and the guardian Angel of Thoth went to your reward with 2855199 points, Magicbane (worth 3500 zorkmids and 8750 points) Frost Brand (worth 3000 zorkmids and 7500 points) Sting (worth 800 zorkmids and 2000 points) The Candelabrum of Invocation (worth 5000 zorkmids and 12500 points) Vorpal Blade (worth 4000 zorkmids and 10000 points) The Eye of the Aethiopica (worth 4000 zorkmids and 10000 points) The Platinum Yendorian Express Card (worth 7000 zorkmids and 17500 points) 26 aquamarine stones (worth 39000 zorkmids), 25 jasper stones (worth 12500 zorkmids), 24 amethyst stones (worth 14400 zorkmids), 16 topaz stones (worth 14400 zorkmids), 13 obsidian stones (worth 2600 zorkmids), 11 garnet stones (worth 7700 zorkmids), 10 citrine stones (worth 15000 zorkmids), 10 jet stones (worth 8500 zorkmids), 9 chrysoberyl stones (worth 6300 zorkmids), 8 diamonds (worth 32000 zorkmids), 8 rubies (worth 28000 zorkmids), 8 emeralds (worth 20000 zorkmids), 7 sapphires (worth 21000 zorkmids), 7 amber stones (worth 7000 zorkmids), 7 opals (worth 5600 zorkmids), 7 fluorite stones (worth 2800 zorkmids), 5 dilithium crystals (worth 22500 zorkmids), 5 agate stones (worth 1000 zorkmids), 4 jacinth stones (worth 13000 zorkmids), 4 jade stones (worth 1200 zorkmids), 1 turquoise stone (worth 2000 zorkmids), 1 amulet of life saving (worth 150 zorkmids), 1 amulet versus poison (worth 150 zorkmids), 1 amulet of unchanging (worth 150 zorkmids), 1 amulet of reflection (worth 150 zorkmids), 1 amulet of magical breathing (worth 150 zorkmids), 1 amulet of guarding (worth 150 zorkmids), 1 amulet of flying (worth 150 zorkmids), 1 cheap plastic imitation of the Amulet of Yendor (worth 0 zorkmids), and 0 pieces of gold, after 48772 moves. You were level 30 with a maximum of 411 hit points when you ascended.